Map: Acropolis LE

Players

Djorn

  • Race: Protoss Protoss
  • Spawn Location: 11:00

A.I. 1 (Hard) - Winner!

  • Race: Zerg Zerg
  • Spawn Location: 5:00

VOD

Have the link to the VOD?

Description

Time

  • Played on: Aug. 23, 2019, 11:01 a.m.
  • Length: 5:01
Show
View Real Time Build Order
Export as new Build Order

Djorn Protoss 

Build Orders:  

Get SALT Encoding   

  12  0:02  Probe  
  13  0:16  Probe  
  14  0:22  Pylon  
  14  0:30  Probe  
  15  0:39  Probe  
  16  0:47  Probe  
  16  0:48  Gateway  
  16  0:56  Assimilator  
  17  0:57  Probe  
  18  1:09  Probe  
  19  1:21  Probe  
  20  1:33  Probe  
  20  1:35  Gateway  
  20  1:39  Cybernetics Core  
  21  1:41  Pylon  
  21  1:45  Probe  
  22  1:59  Probe  
  23  2:04  Assimilator  
  23  2:13  Probe  
  24  2:23  Warp Gate  
  24  2:24  Twilight Council  
  24  2:39  Adept  
  24  2:41  Adept  
  28  2:54  Pylon  
  28  2:57  Pylon  
  28  2:58  Resonating Glaives  
  28  3:15  Gateway  
  28  3:19  Adept  
  30  3:20  Adept  
  32  3:41  Gateway  
  32  3:50  Adept  
  32  3:52  Adept  
  36  4:16  Zealot  
  34  4:32  Zealot x2  
  38  4:38  Zealot  
  40  4:46  Zealot  
Show
View Real Time Build Order
Export as new Build Order

A.I. 1 (Hard) Zerg - Winner!

Build Orders: 1 Base Baneling Bust, Pool Only 

Get SALT Encoding   

  12  0:00  Drone  
  13  0:12  Overlord  
  13  0:16  Drone  
  14  0:30  Drone  
  14  0:32  Drone  
  16  0:43  Spawning Pool  
  16  0:44  Drone  
  16  0:48  Drone  
  17  0:52  Extractor  
  17  0:55  Drone  
  17  1:06  Overlord  
  17  1:31  Zergling x2  
  17  1:32  Queen  
  20  1:34  Roach Warren  
  20  1:38  Drone, Zergling x2  
  20  1:39  Extractor  
  20  1:49  Drone  
  21  1:59  Overlord  
  21  2:10  Drone  
  22  2:21  Roach  
  24  2:32  Drone  
  25  2:38  Drone, Roach  
  25  2:39  Overlord  
  25  2:44  Drone  
  29  2:48  Ravager  
  30  2:54  Roach  
  32  3:03  Ravager  
  32  3:04  Baneling Nest  
  32  3:05  Roach  
  34  3:10  Drone  
  34  3:12  Drone, Roach  
  38  3:18  Overlord  
  38  3:28  Roach  
  38  3:29  Evolution Chamber  
  39  3:38  Drone  
  40  3:42  Drone  
  40  3:43  Drone  
  40  3:45  Drone  
  43  3:50  Drone  
  44  4:08  Drone  
  43  4:12  Drone  
  43  4:14  Zergling x2, Drone  
  43  4:15  Drone  
  40  4:23  Drone  
  40  4:34  Zergling x2  
  41  4:45  Drone  
  42  4:46  Drone  
  42  4:48  Drone  
  42  4:51  Evolution Chamber  
Tags
 
Add a new tag
Caveats
  • Supply blocks, unpowered buildings, or Contaminate may cause inaccurate times.
  • Supply counts are checked every 10 seconds.